 Dungeon Crawl Stone Soup version 0.22.1-2-g9c5b331 (webtiles) character file.

15880 gruber the Thaumaturge (level 12, -11/84 HPs)
             Began as a Gnoll Skald on Dec 1, 2018.
             Was an Elder of Hepliaklqana.
             Mangled by Rupert
             ... wielding a +6 battleaxe of electrocution
              (29 damage)
             ... on level 3 of the Lair of Beasts on Dec 2, 2018.
             The game lasted 00:35:37 (12131 turns).

gruber the Thaumaturge (Gnoll Skald)               Turns: 12131, Time: 00:35:38

Health: -11/84     AC: 12    Str: 14    XL:     12   Next: 31%
Magic:  15/25      EV: 14    Int: 20    God:    Hepliaklqana [****..]
Gold:   610        SH:  8    Dex: 15    Spells: 20/29 levels left

rFire    + . .     SeeInvis .   D - +2 trident (venom)
rCold    + + .     Gourm    .   E - +0 buckler
rNeg     . . .     Faith    .   F - +0 scale mail {rC+}
rPois    .         Spirit   .   w - +2 helmet
rElec    .         Reflect  +   L - scarf {rC+ rF+}
rCorr    .         Harm     .   (no gloves)
MR       +....                  l - +0 pair of boots
Stlth    ++........             o - +2 amulet of reflection
HPRegen  1.24/turn              g - ring of wizardry
MPRegen  0.19/turn              S - ring of protection from magic

@: shrouded, infused, regenerating
A: distributed training, reduced essence, fangs 1, strong nose
a: Recall Ancestor, Ancestor Identity, Transference, Idealise, Renounce Religion


You were on level 3 of the Lair of Beasts.
You worshipped Hepliaklqana.
Hepliaklqana was greatly pleased with you.
You were not hungry.

You visited 3 branches of the dungeon, and saw 14 of its levels.

You collected 834 gold pieces.
You spent 224 gold pieces at shops.

Inventory:

Hand Weapons
 t - a +0 blowgun
 A - a +6 falchion of holy wrath
 D - a +2 trident of venom (weapon)
Missiles
 u - 81 poisoned needles
 G - 8 curare-tipped needles
 N - 5 javelins of returning (quivered)
 W - 6 needles of paralysis
Armour
 l - a +0 pair of boots (worn)
 w - a +2 helmet (worn)
 E - a +0 buckler (worn)
 F - a +0 scale mail of cold resistance (worn)
 L - a scarf of resistance (worn)
Jewellery
 g - a ring of wizardry (left hand)
 m - an uncursed ring of ice
 o - a +2 amulet of reflection (around neck)
 y - an uncursed ring of flight
 R - an uncursed ring of see invisible
 S - a ring of protection from magic (right hand)
Wands
 a - a wand of enslavement (19)
 h - a wand of flame (35)
 q - a wand of iceblast (31)
 C - a wand of acid (6)
 P - a wand of polymorph (10)
 Q - a wand of disintegration (22)
Scrolls
 b - a scroll of fog {unknown}
 i - 3 scrolls of immolation {unknown}
 j - 4 scrolls of remove curse
 k - 3 scrolls of identify
 r - 5 scrolls of blinking {unknown}
 s - a scroll of fear
 v - 3 scrolls of teleportation
 x - a scroll of enchant weapon {unknown}
 z - a scroll of holy word {unknown}
 B - a scroll of random uselessness {unknown}
 H - a scroll of amnesia {unknown}
 J - a scroll of acquirement {unknown}
 M - a scroll of noise {unknown}
Potions
 c - a potion of curing
 e - 3 potions of agility
 f - 2 potions of brilliance
 n - a potion of haste
 p - a potion of lignification
 I - 2 potions of resistance
 K - a potion of flight
 O - 2 potions of invisibility
 T - a potion of cancellation {unknown}
 U - a potion of might {unknown}
Comestibles
 d - 28 rations


   Skills:
 + Level 8.7 Fighting
 + Level 7.3 Short Blades
 + Level 7.3 Long Blades
 + Level 7.3 Axes
 + Level 7.3 Maces & Flails
 + Level 8.7 Polearms
 + Level 7.3 Staves
 + Level 7.3 Slings
 + Level 7.3 Bows
 + Level 7.3 Crossbows
 + Level 7.3 Throwing
 + Level 7.8 Armour
 + Level 8.7 Dodging
 + Level 7.3 Stealth
 + Level 7.3 Shields
 + Level 7.3 Unarmed Combat
 + Level 9.0 Spellcasting
 + Level 6.1 Conjurations
 + Level 6.1 Hexes
 + Level 8.3 Charms
 + Level 6.1 Summonings
 + Level 6.1 Necromancy
 + Level 6.1 Translocations
 + Level 6.1 Transmutations
 + Level 6.1 Fire Magic
 + Level 6.1 Ice Magic
 + Level 6.1 Air Magic
 + Level 6.1 Earth Magic
 + Level 6.1 Poison Magic
 + Level 8.0 Invocations
 + Level 7.3 Evocations


You had 20 spell levels left.
You knew the following spells:

 Your Spells              Type           Power        Failure   Level  Hunger
a - Infusion              Chrm           ####         1%          1    None
b - Shroud of Golubria    Chrm/Tloc      #####.....   1%          2    None
c - Spectral Weapon       Hex/Chrm       #####...     1%          3    None
d - Regeneration          Chrm/Necr      #####.....   1%          3    None

Your spell library contained the following spells:

 Spells                   Type           Power        Failure   Level  Hunger
 Magic Dart               Conj           ####         1%          1    None
 Searing Ray              Conj           ####..       1%          2    None
 Song of Slaying          Chrm           #####...     1%          2    None
 Dazzling Spray           Conj/Hex       ####..       2%          3    None
 Force Lance              Conj/Tloc      ####....     9%          4    ###....
 Fulminant Prism          Conj/Hex       ####......   9%          4    ###....
 Iskenderun's Mystic Bla  Conj           ####....     9%          4    ###....


Dungeon Overview and Level Annotations

Branches:
Dungeon (10/15)            Temple (1/1) D:7            Lair (3/6) D:9
  Swamp (0/4) Lair:3
  Snake: Lair:2-4    Spider: Lair:2-4       Orc: D:9-12

Altars:
Ashenzari
Cheibriados
Dithmenos
Elyvilon
Fedhas
Gozag
Hepliaklqana
Kikubaaqudgha
Makhleb
Nemelex Xobeh
Okawaru
Qazlal
Ru
Sif Muna
Trog
Uskayaw
Vehumet
Wu Jian
Xom
Yredelemnul
Zin
The Shining One
Lugonu

Shops:
D:9 [

Annotations:
Lair:1 1 runed door, Amon001's ghost, journeyman DsAK
Lair:3 Rupert


Innate Abilities, Weirdness & Mutations

Your experience applies equally to all skills.
You have very sharp teeth.
Your uncanny sense of smell can sniff out nearby items.
Your life essence is reduced to manifest your ancestor. (-10% HP)


Message History

Rupert is moderately wounded.
Your spectral weapon hits Rupert!
Rupert hits you with a battleaxe of electrocution!!
Rupert barely misses your spectral weapon.
You hit Rupert.
Rupert looks as sick as possible!
Rupert is moderately wounded.
Your spectral weapon closely misses Rupert.
Rupert hits you with a battleaxe of electrocution!!!
* * * LOW HITPOINT WARNING * * *
You are electrocuted!
* * * LOW HITPOINT WARNING * * *
Rupert hits your spectral weapon with a battleaxe of electrocution.
Your spectral weapon shares its damage with you!
* * * LOW HITPOINT WARNING * * *
All of the chunks of flesh in your inventory have rotted away.
Okay, then.
Okay, then.
You feel better.
Rupert hits you with a battleaxe of electrocution!!
You die...

# #### #### ################
###..####P.#######.#P.##.......#.
.................................
.....................####..#.##..
#.........(..........# #######..
.#.#.#.##.#.##.#@....# #...
...############..@...# #... #..#
#..(...# #(.. <.### ##.R....#.###
#... ....## ######............
.... ⌠....####.##..#...........
.>.. #.....##...................
####...##...............@..
#####......................


You could see the friendly Tepiltzin the battlemage (paralysed), Rupert
(berserk) and a friendly spectral trident of venom.

Vanquished Creatures
  Urug (Lair:1)
  Pikel (D:7)
  A black mamba (Lair:1)
  Psyche (D:9)
  6 spiny frogs
  A rime drake (Lair:1)
  4 komodo dragons
  The ghost of smtktc the Infuser, a novice SpSk of Uskayaw (D:5)
  A queen bee (D:9)
  4 hippogriffs
  11 blink frogs
  4 yaks (Lair:1)
  Menkaure (D:7)
  Edmund (D:6)
  2 water moccasins
  2 porcupines
  An orc warrior (D:7)
  3 slaves (D:7)
  An ice beast (D:7)
  A phantom (D:9)
  3 ogres
  An eye of draining (D:9)
  5 centaurs
  6 crocodiles
  2 big kobolds (D:3)
  6 bullfrogs
  A gnoll sergeant (D:6)
  5 scorpions
  18 killer bees
  7 howler monkeys
  The ghost of Frank the Skirmisher, a weakling OpFi (D:3)
  5 crimson imps
  3 bullfrog zombies
  A quasit (D:7)
  4 hounds
  3 jellies
  7 orc priests
  13 orc wizards
  A bullfrog skeleton (D:3)
  3 worker ants
  Natasha (thrice) (D:2)
  An iguana (D:5)
  Terence (D:2)
  A hound zombie (D:5)
  A hound skeleton (D:7)
  Robin (D:2)
  A howler monkey zombie (D:8)
  5 gnolls (D:6)
  7 adders
  2 shadow imps
  An ooze (D:7)
  2 dart slugs
  6 leopard geckos
  31 orcs
  8 bats
  6 giant cockroaches
  15 goblins
  19 hobgoblins
  18 jackals
  19 kobolds
  2 quokkas
  3 ball pythons
  6 frilled lizards
  4 rats
306 creatures vanquished.

Vanquished Creatures (collateral kills)
  2 blink frogs (Lair:2)
  A water moccasin (Lair:2)
  A slave (D:7)
  A big kobold (D:8)
  2 bullfrogs
  A killer bee (D:9)
  3 orcs
  A giant cockroach (D:7)
  2 kobolds
  A plant (Lair:3)
15 creatures vanquished.

Vanquished Creatures (others)
  3 ancestors
  A bush (Lair:1)
  A fungus (Lair:3)
  A plant (Lair:1)
  3 spectral weapons
9 creatures vanquished.

Grand Total: 330 creatures vanquished

Notes
Turn   | Place    | Note
-------+----------+-------------------------------------------
     0 | D:1      | gruber the Gnoll Skald began the quest for the Orb.
     0 | D:1      | Reached XP level 1. HP: 20/20 MP: 6/6
    92 | D:1      | Reached XP level 2. HP: 26/26 MP: 2/7
   175 | D:1      | Learned a level 2 spell: Shroud of Golubria
   338 | D:1      | Reached XP level 3. HP: 22/31 MP: 9/9
   490 | D:1      | Reached skill level 5 in Spellcasting
   875 | D:1      | Reached skill level 1 in Invocations
  1123 | D:2      | Learned a level 3 spell: Spectral Weapon
  1173 | D:2      | Reached skill level 1 in Short Blades
  1173 | D:2      | Reached skill level 1 in Long Blades
  1173 | D:2      | Reached skill level 1 in Axes
  1173 | D:2      | Reached skill level 1 in Maces & Flails
  1173 | D:2      | Reached skill level 1 in Staves
  1173 | D:2      | Reached skill level 1 in Slings
  1173 | D:2      | Reached skill level 1 in Bows
  1173 | D:2      | Reached skill level 1 in Crossbows
  1173 | D:2      | Reached skill level 1 in Throwing
  1173 | D:2      | Reached skill level 1 in Stealth
  1173 | D:2      | Reached skill level 1 in Shields
  1173 | D:2      | Reached skill level 1 in Unarmed Combat
  1173 | D:2      | Reached skill level 1 in Evocations
  1223 | D:2      | Reached XP level 4. HP: 32/38 MP: 11/11
  1228 | D:2      | Learned a level 3 spell: Regeneration
  1265 | D:2      | Noticed Robin
  1296 | D:2      | Killed Robin
  1433 | D:2      | Noticed Terence
  1500 | D:2      | Killed Terence
  1500 | D:2      | Reached skill level 1 in Conjurations
  1500 | D:2      | Reached skill level 1 in Hexes
  1500 | D:2      | Reached skill level 1 in Summonings
  1500 | D:2      | Reached skill level 1 in Necromancy
  1500 | D:2      | Reached skill level 1 in Translocations
  1500 | D:2      | Reached skill level 1 in Transmutations
  1500 | D:2      | Reached skill level 1 in Fire Magic
  1500 | D:2      | Reached skill level 1 in Ice Magic
  1500 | D:2      | Reached skill level 1 in Air Magic
  1500 | D:2      | Reached skill level 1 in Earth Magic
  1500 | D:2      | Reached skill level 1 in Poison Magic
  1553 | D:2      | Reached XP level 5. HP: 43/43 MP: 6/12
  1615 | D:2      | Noticed Natasha
  1621 | D:2      | Killed Natasha
  1636 | D:2      | Noticed Natasha
  1642 | D:2      | Killed Natasha
  1693 | D:2      | Noticed Natasha
  1702 | D:2      | Killed Natasha
  1750 | D:2      | Found an iron altar of Okawaru.
  1753 | D:2      | Found a blossoming altar of Fedhas.
  1753 | D:2      | Found a glowing silver altar of Zin.
  1753 | D:2      | Found a stormy altar of Qazlal.
  1766 | D:2      | Found a snail-covered altar of Cheibriados.
  1766 | D:2      | Found an ornate altar of the Wu Jian Council.
  1831 | D:3      | Found a runed gate.
  1831 | D:3      | Found a runed gate.
  1831 | D:3      | Found a runed gate.
  1831 | D:3      | Noticed Frank's ghost (weakling OpFi)
  1836 | D:3      | Noticed a big kobold
  1837 | D:3      | Noticed a big kobold
  1884 | D:3      | Reached XP level 6. HP: 35/50 MP: 9/13
  2042 | D:3      | Reached skill level 5 in Fighting
  2042 | D:3      | Reached skill level 5 in Polearms
  2042 | D:3      | Reached skill level 5 in Dodging
  2060 | D:3      | Found an opulent altar of Gozag.
  2060 | D:3      | Found a sparkling altar of Nemelex Xobeh.
  2279 | D:3      | Found a glowing golden altar of the Shining One.
  2786 | D:4      | Reached XP level 7. HP: 56/56 MP: 15/15
  3023 | D:5      | Entered Level 5 of the Dungeon
  3883 | D:5      | Found a deep blue altar of Sif Muna.
  3989 | D:5      | Found a runed gate.
  3989 | D:5      | Found a runed gate.
  3990 | D:5      | Found a runed gate.
  4122 | D:5      | Found a radiant altar of Vehumet.
  4122 | D:5      | Found an ancient bone altar of Kikubaaqudgha.
  4224 | D:5      | Found an opulent altar of Gozag.
  4224 | D:5      | Noticed smtktc's ghost (novice SpSk)
  4370 | D:5      | Reached XP level 8. HP: 49/63 MP: 10/16
  5062 | D:6      | Reached skill level 6 in Spellcasting
  5499 | D:6      | Got a shimmering war axe
  5501 | D:6      | Reached skill level 5 in Short Blades
  5501 | D:6      | Reached skill level 5 in Long Blades
  5501 | D:6      | Reached skill level 5 in Axes
  5501 | D:6      | Reached skill level 5 in Maces & Flails
  5501 | D:6      | Reached skill level 5 in Staves
  5501 | D:6      | Reached skill level 5 in Slings
  5501 | D:6      | Reached skill level 5 in Bows
  5501 | D:6      | Reached skill level 5 in Crossbows
  5501 | D:6      | Reached skill level 5 in Throwing
  5501 | D:6      | Reached skill level 5 in Stealth
  5501 | D:6      | Reached skill level 5 in Shields
  5501 | D:6      | Reached skill level 5 in Unarmed Combat
  5501 | D:6      | Reached skill level 7 in Spellcasting
  5501 | D:6      | Reached skill level 5 in Invocations
  5501 | D:6      | Reached skill level 5 in Evocations
  5501 | D:6      | Reached XP level 9. HP: 72/72 MP: 17/20
  5502 | D:6      | Identified the cursed +1 war axe of Contradiction {chop,
                  | Dex+2 SInv} (You found it on level 6 of the Dungeon)
  5646 | D:6      | Noticed Edmund
  5673 | D:6      | Killed Edmund
  5727 | D:6      | Found a burning altar of Makhleb.
  5941 | D:7      | Found a staircase to the Ecumenical Temple.
  6010 | Temple   | Entered the Ecumenical Temple
  6052 | Temple   | Became a worshipper of Hepliaklqana the Forgotten
  6194 | D:7      | Noticed Menkaure
  6203 | D:7      | Killed Menkaure
  6330 | D:7      | Reached XP level 10. HP: 57/71 MP: 21/21
  6591 | D:7      | Noticed Pikel
  6611 | D:7      | Killed Pikel
  7085 | D:8      | Reached * piety under Hepliaklqana
  7736 | D:3      | Killed Frank's ghost
  7890 | D:5      | Killed smtktc's ghost
  7890 | D:5      | Reached skill level 5 in Conjurations
  7890 | D:5      | Reached skill level 5 in Hexes
  7890 | D:5      | Reached skill level 5 in Summonings
  7890 | D:5      | Reached skill level 5 in Necromancy
  7890 | D:5      | Reached skill level 5 in Translocations
  7890 | D:5      | Reached skill level 5 in Transmutations
  7890 | D:5      | Reached skill level 5 in Fire Magic
  7890 | D:5      | Reached skill level 5 in Ice Magic
  7890 | D:5      | Reached skill level 5 in Air Magic
  7890 | D:5      | Reached skill level 5 in Earth Magic
  7890 | D:5      | Reached skill level 5 in Poison Magic
  8186 | D:9      | Reached skill level 8 in Spellcasting
  8223 | D:9      | Found a white marble altar of Elyvilon.
  8275 | D:9      | Found Vacawk's Antique Armour Emporium.
  8354 | D:9      | Bought an embroidered scarf for 224 gold pieces
  8386 | D:9      | Found a staircase to the Lair.
  8441 | D:9      | Reached XP level 11. HP: 55/77 MP: 19/23
  8949 | D:9      | Noticed Psyche
  8954 | D:9      | Killed Psyche
  9221 | D:10     | Entered Level 10 of the Dungeon
  9221 | D:10     | Noticed a two-headed ogre
  9252 | Lair:1   | Entered Level 1 of the Lair of Beasts
  9269 | Lair:1   | Noticed Urug
  9304 | Lair:1   | Killed Urug
  9656 | Lair:1   | Found a runed door.
  9728 | Lair:1   | Reached ** piety under Hepliaklqana
  9768 | Lair:1   | Remembered your ancestor Tepiltzin as a battlemage
  9836 | Lair:1   | Noticed Amon001's ghost (journeyman DsAK)
 10779 | Lair:2   | Reached XP level 12. HP: 56/84 MP: 20/24
 10993 | Lair:2   | Reached *** piety under Hepliaklqana
 11699 | Lair:3   | Noticed Rupert
 11885 | Lair:3   | Reached skill level 9 in Spellcasting
 12062 | Lair:3   | Found a staircase to the Swamp.
 12104 | Lair:3   | Reached **** piety under Hepliaklqana
 12131 | Lair:3   | Mangled by Rupert

Skill      XL: |  1  2  3  4  5  6  7  8  9 10 11 12 |
---------------+-------------------------------------+-----
Spellcasting   | 5 7 8 9 |  9.0
Invocations    | 1 2 3 5 6 7 8 |  8.0
Short Blades   | 1 2 5 6 7 |  7.3
Long Blades    | 1 2 5 6 7 |  7.3
Axes           | 1 2 5 6 7 |  7.3
Maces & Flails | 1 2 5 6 7 |  7.3
Staves         | 1 2 5 6 7 |  7.3
Slings         | 1 2 5 6 7 |  7.3
Bows           | 1 2 5 6 7 |  7.3
Crossbows      | 1 2 5 6 7 |  7.3
Throwing       | 1 2 5 6 7 |  7.3
Stealth        | 1 2 5 6 7 |  7.3
Shields        | 1 2 5 6 7 |  7.3
Unarmed Combat | 1 2 5 6 7 |  7.3
Evocations     | 1 2 5 6 7 |  7.3
Conjurations   | 1 2 4 5 6 |  6.1
Hexes          | 1 2 4 5 6 |  6.1
Summonings     | 1 2 4 5 6 |  6.1
Necromancy     | 1 2 4 5 6 |  6.1
Translocations | 1 2 4 5 6 |  6.1
Transmutations | 1 2 4 5 6 |  6.1
Fire Magic     | 1 2 4 5 6 |  6.1
Ice Magic      | 1 2 4 5 6 |  6.1
Air Magic      | 1 2 4 5 6 |  6.1
Earth Magic    | 1 2 4 5 6 |  6.1
Poison Magic   | 1 2 4 5 6 |  6.1
Armour         | 3 6 7 |  7.8
Fighting       | 5 7 8 |  8.7
Polearms       | 5 7 8 |  8.7
Dodging        | 5 7 8 |  8.7
Charms         | 7 8 |  8.3

Action                   |  1- 3 |  4- 6 |  7- 9 | 10-12 || total
-------------------------+-------+-------+-------+-------++-------
Melee: Spear             |    84 |   165 |       |       ||   249
       Bite              |     9 |    19 |    27 |    43 ||    98
       Dagger            |    15 |    30 |   107 |       ||   152
       Punch             |       |     1 |     5 |       ||     6
       Falchion          |       |       |    12 |       ||    12
       Trident           |       |       |    81 |   500 ||   581
 Fire: Blowgun           |       |       |    18 |       ||    18
 Cast: Infusion          |     9 |     1 |     2 |     7 ||    19
       Regeneration      |       |     7 |     8 |    10 ||    25
       Spectral Weapon   |       |    17 |    12 |    46 ||    75
       Shroud of Golubri |       |     1 |     6 |    12 ||    19
Invok: Recall Ancestor   |       |       |       |     1 ||     1
       Ancestor Life: Ba |       |       |       |     1 ||     1
  Use: Scroll            |       |     6 |     5 |     4 ||    15
       Potion            |       |     1 |     1 |     2 ||     4
 Stab: Sleeping          |     2 |       |     2 |    14 ||    18
       Distracted        |       |       |       |     4 ||     4
  Eat: Chunk             |       |     8 |     6 |    12 ||    26
       Ration            |       |       |     2 |     2 ||     4
Armor: Leather armour    |    10 |    30 |    27 |       ||    67
       Scale mail        |       |       |    12 |    97 ||   109
Dodge: Dodged            |    57 |    84 |    84 |   182 ||   407
Block: Other             |       |       |     9 |       ||     9
       Buckler           |       |       |    15 |   121 ||   136
       Reflection        |       |       |     1 |     8 ||     9
